Providence Bruins vs Kelowna Rockets
Created - Tuesday, April 4, 2023 at 08:26
Goals
|
| Providence Bruins |
1 |
1 |
2 |
1 |
5 |
| Kelowna Rockets |
0 |
3 |
1 |
0 |
4 |
|
Shots
|
| Providence Bruins |
15 |
6 |
10 |
1 |
32 |
| Kelowna Rockets |
15 |
4 |
10 |
0 |
29 |
|
1st period
1. Providence Bruins , John-Jason Peterka 8 (Joe Veleno 9) at 10:16
Penalties :
Jordy Bellerive (PRB) for Charging (Minor) at 0:51, Logan Hutsko (PRB) for Hooking (Minor) at 6:45
2nd period
2. Kelowna Rockets , Lauri Pajuniemi 2 (Arnaud Durandeau 2, Lucas Johansen 4) at 7:38
3. Kelowna Rockets , Jesse Ylonen 14 (Cale Fleury 15) at 7:46
4. Kelowna Rockets , Jasper Weatherby 13 (Cale Fleury 16, Jesse Ylonen 15) at 15:21
5. Providence Bruins , Logan Hutsko 2 (Jared McIsaac 1, Michal Teply 11) at 17:23
Penalties :
Michal Teply (PRB) for Hooking (Minor) at 0:36, John-Jason Peterka (PRB) for Interference (Minor) at 8:50, Ty Dellandrea (KEL) for Goalie Interference (Minor) at 19:49
3rd period
6. Providence Bruins , Brandon Coe 3 (Austin Wagner 5, Nick Perbix 2) at 2:02
7. Providence Bruins , Joe Veleno 12 (Jack Studnicka 12, John-Jason Peterka 13) at 14:36
8. Kelowna Rockets , Jack Drury 3 (Jacob Perreault 6) at 16:13
Penalties :
Austin Wagner (PRB) for Hooking (Minor) at 2:47, Jacob Perreault (KEL) for Fighting (Major) at 10:53, Nick Perbix (PRB) for Fighting (Major) at 10:53, Givani Smith (KEL) for Fighting (Major) at 15:26, Brandon Coe (PRB) for Fighting (Major) at 15:26
Overtime #1
9. Providence Bruins , John-Jason Peterka 9 (Joe Veleno 10) at 0:15
Penalties :
No Penalty
Goalie Stats
Zachary Emond (PRB), 25 saves from 29 shots - (0.862), W, 1-3-0, 60:15 minutes
Justus Annunen (KEL), 27 saves from 32 shots - (0.844), OTL, 0-0-1, 60:15 minutes
Players Stats for Providence Bruins
Player Name G A P +/- PIM S H SB GA TA FO MP PP MP PK MP
------------------------------------------------------------------------------------
Austin Wagner 0 1 1 0 2 2 1 2 0 0 0/0 14:02 0:00 0:56
Brandon Coe 1 0 1 1 5 2 1 3 0 2 0/0 11:56 0:00 0:00
Cole Schwindt 0 0 0 -1 0 3 2 0 1 0 0/2 20:02 0:44 2:36
Helge Grans 0 0 0 -1 0 0 0 0 0 0 0/0 4:47 0:00 0:00
Jack Studnicka 0 1 1 0 0 3 0 0 1 0 3/4 22:32 1:15 3:05
Jacob Moverare 0 0 0 0 0 0 1 3 1 1 0/0 20:01 0:47 5:14
Jared McIsaac 0 1 1 2 0 0 0 0 0 0 0/0 9:38 0:00 0:00
Joe Veleno 1 2 3 2 0 8 4 1 1 1 16/30 25:09 1:15 5:39
John-Jason Peterka 2 1 3 2 2 4 1 1 1 0 2/2 24:32 1:15 4:33
Jordan Spence 0 0 0 0 0 1 0 1 0 4 0/0 26:42 1:12 4:41
Jordy Bellerive 0 0 0 0 2 0 2 2 0 0 3/8 15:16 0:00 1:38
Logan Hutsko 1 0 1 -1 2 2 2 1 0 0 4/13 17:25 0:44 0:00
Marc Del Gaizo 0 0 0 -1 0 0 0 0 0 0 0/0 4:53 0:00 0:00
Mason Millman 0 0 0 1 0 0 0 0 0 0 0/0 1:50 0:00 0:00
Michal Teply 0 1 1 -1 2 4 4 2 0 0 0/0 18:15 0:44 1:23
Nick Perbix 0 1 1 -1 5 0 1 1 1 0 0/0 17:54 0:47 5:14
Nikolai Knyzhov 0 0 0 0 0 3 1 3 0 1 0/0 26:08 1:12 4:41
Samuel Bolduc 0 0 0 2 0 0 1 1 0 0 0/0 9:56 0:00 0:00
Players Stats for Kelowna Rockets
Player Name G A P +/- PIM S H SB GA TA FO MP PP MP PK MP
------------------------------------------------------------------------------------
Alex Peters 0 0 0 0 0 0 0 0 0 0 0/0 12:37 0:00 0:00
Arnaud Durandeau 0 1 1 1 0 1 0 0 0 2 0/1 5:24 0:00 0:00
Cale Fleury 0 2 2 -2 0 5 0 1 0 3 0/0 26:42 6:10 0:57
Givani Smith 0 0 0 0 5 0 4 0 1 0 0/0 12:54 0:10 0:00
Jack Drury 1 0 1 0 0 3 0 0 1 0 7/10 15:08 0:00 1:04
Jacob Perreault 0 1 1 1 5 1 0 0 0 1 0/0 13:13 0:10 0:39
Jasper Weatherby 1 0 1 -1 0 3 1 0 0 0 1/2 21:33 5:05 1:04
Jesse Ylonen 1 1 2 1 0 3 0 1 2 0 1/2 20:00 5:05 0:00
Joel Kiviranta 0 0 0 -2 0 2 1 0 2 0 1/1 18:47 4:40 0:16
Lauri Pajuniemi 1 0 1 1 0 1 2 0 0 0 0/0 5:24 0:00 0:00
Lucas Johansen 0 1 1 1 0 2 0 2 0 0 0/0 20:56 3:45 1:02
Matias Maccelli 0 0 0 -2 0 2 3 0 0 0 0/0 19:04 4:40 0:39
Max Lajoie 0 0 0 -2 0 0 2 1 0 0 0/0 27:49 6:10 0:57
Maxence Guenette 0 0 0 1 0 2 1 1 0 0 0/0 19:49 3:45 1:02
Oskar Steen 0 0 0 -2 0 0 0 0 2 0 3/9 18:27 4:40 0:16
Oskari Laaksonen 0 0 0 0 0 0 1 0 0 0 0/0 12:37 0:00 0:00
Roby Jarventie 0 0 0 2 0 0 1 0 0 0 0/0 5:18 0:10 0:00
Ty Dellandrea 0 0 0 -1 2 4 1 1 1 0 18/34 23:16 5:05 0:00
3 Stars
1 - Joe Veleno (PRB)
2 - John-Jason Peterka (PRB)
3 - Jesse Ylonen (KEL)
Power Play
Providence Bruins - 0 on 1 Attempt(s) - 0.00%
Kelowna Rockets - 0 on 5 Attempt(s) - 0.00%
Penalty Kill
Providence Bruins - 5 on 5 Attempt(s) - 100.00%
- Score 0 goal in Penalty Kill
Kelowna Rockets - 1 on 1 Attempt(s) - 100.00%
- Score 0 goal in Penalty Kill
Team Stat
Providence Bruins - Hits : 21 - Faceoff Wins : 28 - Blocked Shots : 21 - Penalty Minutes : 20
Kelowna Rockets - Hits : 17 - Faceoff Wins : 31 - Blocked Shots : 7 - Penalty Minutes : 12
Official
Referees : Unknown
Linesman : Unknown
Game Notes
Jacob Perreault beats up Nick Perbix at 10:53 of 3rd period
Givani Smith beats up Brandon Coe at 15:26 of 3rd period
Providence Bruins
5 vs 5 Forward
Center Left Wing Right Wing Time % Phy DF OF
1 Joe Veleno John-Jason Peterka Jack Studnicka 40 1 2 2
2 Logan Hutsko Michal Teply Cole Schwindt 30 1 2 2
3 Jordy Bellerive Austin Wagner Brandon Coe 20 1 2 2
4 Joe Veleno John-Jason Peterka Jack Studnicka 10 1 2 2
5 vs 5 Defense
Defense Defense Time % Phy DF OF
1 Jordan Spence Nikolai Knyzhov 40 1 2 2
2 Jacob Moverare Nick Perbix 30 1 2 2
3 Samuel Bolduc Jared McIsaac 20 1 2 2
4 Helge Grans Marc Del Gaizo 10 1 2 2
PowerPlay Forward
Center Left Wing Right Wing Time % Phy DF OF
1 Joe Veleno John-Jason Peterka Jack Studnicka 60 1 2 2
2 Logan Hutsko Michal Teply Cole Schwindt 40 1 2 2
PowerPlay Defense
Defense Defense Time % Phy DF OF
1 Jordan Spence Nikolai Knyzhov 60 1 2 2
2 Jacob Moverare Nick Perbix 40 1 2 2
Penalty Kill 4 Players Forward
Center Wing Time % Phy DF OF
1 Joe Veleno John-Jason Peterka 60 1 2 2
2 Jack Studnicka Cole Schwindt 40 1 2 2
Penalty Kill 4 Players Defense
Defense Defense Time % Phy DF OF
1 Jordan Spence Nikolai Knyzhov 60 1 2 2
2 Jacob Moverare Nick Perbix 40 1 2 2
Penalty Kill - 3 Players Forward
Forward Time % Phy DF OF
1 Joe Veleno 60 1 2 2
2 John-Jason Peterka 40 1 2 2
Penalty Kill - 3 Players Defense
Defense Defense Time % Phy DF OF
1 Jordan Spence Nikolai Knyzhov 60 1 2 2
2 Jacob Moverare Nick Perbix 40 1 2 2
4 vs 4 Forward
Center Wing Time % Phy DF OF
1 Joe Veleno John-Jason Peterka 60 1 2 2
2 Jack Studnicka Cole Schwindt 40 1 2 2
4 vs 4 Defense
Defense Defense Time % Phy DF OF
1 Jordan Spence Nikolai Knyzhov 60 1 2 2
2 Jacob Moverare Nick Perbix 40 1 2 2
Last Minutes Offensive
Center Left Wing Right Wing Defense Defense
Joe Veleno John-Jason Peterka Jack Studnicka Jordan Spence Nikolai Knyzhov
Last Minutes Defensive
Center Left Wing Right Wing Defense Defense
Joe Veleno John-Jason Peterka Jack Studnicka Jordan Spence Nikolai Knyzhov
Goaltenders
Starting : Zachary Emond
Backup : Trent Miner
Extra Forwards
Normal : Austin Wagner, Brandon Coe, Jordy Bellerive - PP : Austin Wagner, Brandon Coe - PK : Jordy Bellerive
Extra Defensemen
Normal : Mason Millman, Samuel Bolduc, Jared McIsaac - PP : Mason Millman - PK : Samuel Bolduc, Jared McIsaac
Penalty Shots
Joe Veleno, John-Jason Peterka, Jack Studnicka, Cole Schwindt, Michal Teply
Kelowna Rockets
5 vs 5 Forward
Center Left Wing Right Wing Time % Phy DF OF
1 Ty Dellandrea Jasper Weatherby Jesse Ylonen 40 1 2 2
2 Oskar Steen Matias Maccelli Joel Kiviranta 30 1 2 2
3 Jack Drury Givani Smith Jacob Perreault 20 1 2 2
4 Ty Dellandrea Arnaud Durandeau Lauri Pajuniemi 10 1 2 2
5 vs 5 Defense
Defense Defense Time % Phy DF OF
1 Cale Fleury Max Lajoie 40 1 2 2
2 Lucas Johansen Maxence Guenette 30 1 2 2
3 Alex Peters Oskari Laaksonen 20 1 2 2
4 Max Lajoie Lucas Johansen 10 1 2 2
PowerPlay Forward
Center Left Wing Right Wing Time % Phy DF OF
1 Ty Dellandrea Jasper Weatherby Jesse Ylonen 60 1 2 2
2 Oskar Steen Matias Maccelli Joel Kiviranta 40 1 2 2
PowerPlay Defense
Defense Defense Time % Phy DF OF
1 Cale Fleury Max Lajoie 60 1 2 2
2 Lucas Johansen Maxence Guenette 40 1 2 2
Penalty Kill 4 Players Forward
Center Wing Time % Phy DF OF
1 Ty Dellandrea Jasper Weatherby 60 1 2 2
2 Jesse Ylonen Matias Maccelli 40 1 2 2
Penalty Kill 4 Players Defense
Defense Defense Time % Phy DF OF
1 Cale Fleury Max Lajoie 60 1 2 2
2 Lucas Johansen Maxence Guenette 40 1 2 2
Penalty Kill - 3 Players Forward
Forward Time % Phy DF OF
1 Ty Dellandrea 60 1 2 2
2 Jasper Weatherby 40 1 2 2
Penalty Kill - 3 Players Defense
Defense Defense Time % Phy DF OF
1 Cale Fleury Max Lajoie 60 1 2 2
2 Lucas Johansen Maxence Guenette 40 1 2 2
4 vs 4 Forward
Center Wing Time % Phy DF OF
1 Ty Dellandrea Jasper Weatherby 60 1 2 2
2 Jesse Ylonen Matias Maccelli 40 1 2 2
4 vs 4 Defense
Defense Defense Time % Phy DF OF
1 Cale Fleury Max Lajoie 60 1 2 2
2 Lucas Johansen Maxence Guenette 40 1 2 2
Last Minutes Offensive
Center Left Wing Right Wing Defense Defense
Ty Dellandrea Jasper Weatherby Jesse Ylonen Cale Fleury Max Lajoie
Last Minutes Defensive
Center Left Wing Right Wing Defense Defense
Ty Dellandrea Jasper Weatherby Jesse Ylonen Cale Fleury Max Lajoie
Goaltenders
Starting : Justus Annunen
Backup : Adam Scheel
Extra Forwards
Normal : Roby Jarventie, Ty Dellandrea, Jack Drury - PP : Roby Jarventie, Ty Dellandrea - PK : Jack Drury
Extra Defensemen
Normal : Alex Peters, Maxence Guenette, Cale Fleury - PP : Alex Peters - PK : Maxence Guenette, Cale Fleury
Penalty Shots
Ty Dellandrea, Jasper Weatherby, Jesse Ylonen, Matias Maccelli, Oskar Steen
% Time on Ice - Providence Bruins
Lines # - Real PCT - Wanted PCT - Time Play
Normal Forward
1 - 37% - 40% - 17:50
2 - 34% - 30% - 16:32
3 - 25% - 20% - 12:01
4 - 4% - 10% - 1:43
Normal Defense
1 - 41% - 40% - 19:57
2 - 29% - 30% - 13:44
3 - 20% - 20% - 9:38
4 - 10% - 10% - 4:47
PP Forward
1 - 63% - 60% - 1:15
2 - 37% - 40% - 0:44
PP Defense
1 - 61% - 60% - 1:12
2 - 39% - 40% - 0:47
PK Forward
1 - 74% - 60% - 7:19
2 - 26% - 40% - 2:36
PK Defense
1 - 47% - 60% - 4:41
2 - 53% - 40% - 5:14
PK3 Forward
1 - 0% - 60%
2 - 0% - 40%
PK3 Defense
1 - 0% - 60%
2 - 0% - 40%
44 Forward
1 - 100% - 60% - 0:15
2 - 0% - 40% - 0:00
44 Defense
1 - 100% - 60% - 0:15
2 - 0% - 40% - 0:00
Last Minute Offensive - 0:00
Last Minute Defensive - 0:00
Total
Forward - 60:15
Defense - 60:15
|
% Time on Ice - Kelowna Rockets
Lines # - Real PCT - Wanted PCT - Time Play
Normal Forward
1 - 33% - 40% - 15:49
2 - 28% - 30% - 13:31
3 - 28% - 20% - 13:22
4 - 11% - 10% - 5:24
Normal Defense
1 - 40% - 40% - 19:20
2 - 31% - 30% - 15:02
3 - 26% - 20% - 12:37
4 - 2% - 10% - 1:07
PP Forward
1 - 53% - 60% - 5:15
2 - 47% - 40% - 4:40
PP Defense
1 - 62% - 60% - 6:10
2 - 38% - 40% - 3:45
PK Forward
1 - 100% - 60% - 1:59
2 - 0% - 40% - 0:00
PK Defense
1 - 48% - 60% - 0:57
2 - 52% - 40% - 1:02
PK3 Forward
1 - 0% - 60%
2 - 0% - 40%
PK3 Defense
1 - 0% - 60%
2 - 0% - 40%
44 Forward
1 - 100% - 60% - 0:15
2 - 0% - 40% - 0:00
44 Defense
1 - 100% - 60% - 0:15
2 - 0% - 40% - 0:00
Last Minute Offensive - 0:00
Last Minute Defensive - 0:00
Total
Forward - 60:15
Defense - 60:15
|
Play-by-Play
1st period
0:01 of 1st period - Joe Veleno wins face-off versus Ty Dellandrea in neutral zone.
0:51 of 1st period - Minor Penalty to Jordy Bellerive for Charging.
0:52 of 1st period - Ty Dellandrea wins face-off versus Joe Veleno in Providence Bruins zone.
0:53 of 1st period - Wrist shot by Jesse Ylonen.
0:53 of 1st period - Shot Misses the Net.
0:58 of 1st period - Snap shot by Cale Fleury.
0:58 of 1st period - Stopped by Zachary Emond with a rebound.
1:00 of 1st period - Snap shot by Max Lajoie.
1:00 of 1st period - Shot Blocked by John-Jason Peterka.
1:02 of 1st period - Slapshot by Max Lajoie.
1:02 of 1st period - Deflect By Jesse Ylonen.
1:02 of 1st period - Shot Blocked by Jordan Spence.
1:02 of 1st period - Puck is out of play.
1:03 of 1st period - Ty Dellandrea wins face-off versus Joe Veleno in Providence Bruins zone.
1:04 of 1st period - Snap shot by Jesse Ylonen.
1:04 of 1st period - Shot Misses the Net.
1:06 of 1st period - Slapshot by Max Lajoie.
1:06 of 1st period - Shot Misses the Net.
1:41 of 1st period - Icing by Cale Fleury.
1:42 of 1st period - Joe Veleno wins face-off versus Oskar Steen in Kelowna Rockets zone.
2:08 of 1st period - Slapshot by Matias Maccelli.
2:08 of 1st period - Shot Misses the Net.
2:10 of 1st period - Slapshot by Cale Fleury.
2:10 of 1st period - Shot Blocked by Nick Perbix.
2:36 of 1st period - Wrist shot by Matias Maccelli.
2:36 of 1st period - Stopped by Zachary Emond with a rebound.
2:51 of 1st period - Penalty to Jordy Bellerive is over, Jordy Bellerive is back on ice.
3:22 of 1st period - Slapshot by Matias Maccelli.
3:22 of 1st period - Shot Misses the Net.
3:24 of 1st period - Snap shot by Matias Maccelli.
3:24 of 1st period - Shot Misses the Net.
3:26 of 1st period - Snap shot by Oskar Steen.
3:26 of 1st period - Shot Misses the Net.
3:28 of 1st period - Slapshot by Cale Fleury.
3:28 of 1st period - Shot Blocked by Jordy Bellerive.
3:30 of 1st period - Snap shot by Oskar Steen.
3:30 of 1st period - Deflect By Matias Maccelli.
3:30 of 1st period - Shot Misses the Net.
3:30 of 1st period - Puck is out of play.
3:31 of 1st period - Ty Dellandrea wins face-off versus Cole Schwindt in Providence Bruins zone.
4:26 of 1st period - Wrist shot by Jack Drury.
4:26 of 1st period - Shot Blocked by Samuel Bolduc.
4:28 of 1st period - Slapshot by Jack Drury.
4:28 of 1st period - Deflect By Jacob Perreault.
4:28 of 1st period - Shot Misses the Net.
4:28 of 1st period - Puck is out of play.
4:29 of 1st period - Jack Drury wins face-off versus Jordy Bellerive in Providence Bruins zone.
4:40 of 1st period - Snap shot by Jacob Perreault.
4:40 of 1st period - Deflect By Jack Drury.
4:40 of 1st period - Shot Blocked by Brandon Coe.
4:40 of 1st period - Puck is out of play.
4:41 of 1st period - Jack Drury wins face-off versus Logan Hutsko in Providence Bruins zone.
4:42 of 1st period - Snap shot by Jacob Perreault.
4:42 of 1st period - Deflect By Jack Drury.
4:42 of 1st period - Shot Misses the Net.
4:42 of 1st period - Puck is out of play.
4:43 of 1st period - Jack Drury wins face-off versus Logan Hutsko in Providence Bruins zone.
4:46 of 1st period - Snap shot by Jack Drury.
4:46 of 1st period - Shot Blocked by Nikolai Knyzhov.
4:48 of 1st period - Slapshot by Maxence Guenette.
4:48 of 1st period - Shot Blocked by Nikolai Knyzhov.
4:50 of 1st period - Snap shot by Maxence Guenette.
4:50 of 1st period - Stopped by Zachary Emond with a rebound.
4:58 of 1st period - Slapshot by Jack Drury.
4:58 of 1st period - Shot Misses the Net.
5:08 of 1st period - Jasper Weatherby is hit by Nikolai Knyzhov.
5:14 of 1st period - Snap shot by Ty Dellandrea.
5:14 of 1st period - Shot Misses the Net.
5:16 of 1st period - Wrist shot by Jasper Weatherby.
5:16 of 1st period - Shot Blocked by Austin Wagner.
5:18 of 1st period - Backhand shot by Oskari Laaksonen.
5:18 of 1st period - Shot Blocked by Brandon Coe.
5:28 of 1st period - Lauri Pajuniemi is hit by Joe Veleno and loses puck.
6:45 of 1st period - Minor Penalty to Logan Hutsko for Hooking.
6:46 of 1st period - Ty Dellandrea wins face-off versus Jack Studnicka in Providence Bruins zone.
6:57 of 1st period - Wrist shot by Jesse Ylonen.
6:57 of 1st period - Stopped by Zachary Emond with a rebound.
7:29 of 1st period - Snap shot by John-Jason Peterka.
7:29 of 1st period - Deflect By Joe Veleno.
7:29 of 1st period - Stopped by Justus Annunen without a rebound.
7:30 of 1st period - Joe Veleno wins face-off versus Ty Dellandrea in Kelowna Rockets zone.
7:55 of 1st period - Jacob Moverare is hit by Joel Kiviranta and loses puck.
8:45 of 1st period - Penalty to Logan Hutsko is over, Logan Hutsko is back on ice.
8:48 of 1st period - Off-side.
8:49 of 1st period - Jordy Bellerive wins face-off versus Jack Drury in neutral zone.
8:52 of 1st period - Wrist shot by Austin Wagner.
8:52 of 1st period - Stopped by Justus Annunen with a rebound.
9:23 of 1st period - Oskar Steen is hit by Michal Teply and loses puck.
9:40 of 1st period - Snap shot by Ty Dellandrea.
9:40 of 1st period - Deflect By Jesse Ylonen.
9:40 of 1st period - Shot Misses the Net.
9:40 of 1st period - Puck is out of play.
9:41 of 1st period - Jesse Ylonen wins face-off versus Jordy Bellerive in Providence Bruins zone.
9:44 of 1st period - Snap shot by Ty Dellandrea.
9:44 of 1st period - Stopped by Zachary Emond with a rebound.
10:00 of 1st period - Snap shot by Ty Dellandrea.
10:00 of 1st period - Stopped by Zachary Emond with a rebound.
10:02 of 1st period - Snap shot by Jasper Weatherby.
10:02 of 1st period - Shot Misses the Net.
10:04 of 1st period - Snap shot by Jesse Ylonen.
10:04 of 1st period - Stopped by Zachary Emond without a rebound.
10:05 of 1st period - Joe Veleno wins face-off versus Oskar Steen in Providence Bruins zone.
10:14 of 1st period - Snap shot by John-Jason Peterka.
10:14 of 1st period - Stopped by Justus Annunen with a rebound.
10:16 of 1st period - Snap shot by Joe Veleno.
10:16 of 1st period - Deflect By John-Jason Peterka.
10:16 of 1st period - Goal by John-Jason Peterka - Providence Bruins : 1 - Kelowna Rockets : 0.
10:17 of 1st period - Ty Dellandrea wins face-off versus Joe Veleno in neutral zone.
10:26 of 1st period - Wrist shot by Jasper Weatherby.
10:26 of 1st period - Stopped by Zachary Emond with a rebound.
10:28 of 1st period - Slapshot by Cale Fleury.
10:28 of 1st period - Deflect By Nikolai Knyzhov.
10:28 of 1st period - Stopped by Zachary Emond with a rebound.
10:32 of 1st period - Snap shot by Ty Dellandrea.
10:32 of 1st period - Deflect By Jesse Ylonen.
10:32 of 1st period - Shot Misses the Net.
10:32 of 1st period - Puck is out of play.
10:33 of 1st period - Oskar Steen wins face-off versus Logan Hutsko in Providence Bruins zone.
10:40 of 1st period - Wrist shot by Oskar Steen.
10:40 of 1st period - Shot Blocked by Jacob Moverare.
10:42 of 1st period - Snap shot by Joel Kiviranta.
10:42 of 1st period - Stopped by Zachary Emond with a rebound.
10:44 of 1st period - Wrist shot by Oskar Steen.
10:44 of 1st period - Deflect By Matias Maccelli.
10:44 of 1st period - Shot Blocked by Jacob Moverare.
10:44 of 1st period - Puck is out of play.
10:45 of 1st period - Joe Veleno wins face-off versus Ty Dellandrea in Providence Bruins zone.
10:45 of 1st period - Joe Veleno is hit by Jasper Weatherby.
11:45 of 1st period - Wrist shot by Austin Wagner.
11:45 of 1st period - Stopped by Justus Annunen with a rebound.
11:54 of 1st period - Off-side.
11:55 of 1st period - Jack Studnicka wins face-off versus Arnaud Durandeau in neutral zone.
12:25 of 1st period - Wrist shot by Cole Schwindt.
12:25 of 1st period - Shot Misses the Net.
12:27 of 1st period - Snap shot by Logan Hutsko.
12:27 of 1st period - Deflect By Joel Kiviranta.
12:27 of 1st period - Shot Misses the Net.
12:27 of 1st period - Puck is out of play.
12:28 of 1st period - Logan Hutsko wins face-off versus Ty Dellandrea in Kelowna Rockets zone.
12:56 of 1st period - Matias Maccelli is hit by Joe Veleno and loses puck.
13:35 of 1st period - Lauri Pajuniemi is hit by Michal Teply and loses puck.
13:51 of 1st period - Off-side.
13:52 of 1st period - Joe Veleno wins face-off versus Oskar Steen in neutral zone.
13:55 of 1st period - Lucas Johansen is hit by Joe Veleno and loses puck.
14:23 of 1st period - Ty Dellandrea is hit by Logan Hutsko and loses puck.
15:00 of 1st period - Brandon Coe is hit by Givani Smith.
15:08 of 1st period - Snap shot by Jack Drury.
15:08 of 1st period - Stopped by Zachary Emond with a rebound.
15:10 of 1st period - Snap shot by Jacob Perreault.
15:10 of 1st period - Shot Blocked by Brandon Coe.
15:12 of 1st period - Slapshot by Maxence Guenette.
15:12 of 1st period - Deflect By Brandon Coe.
15:12 of 1st period - Stopped by Zachary Emond without a rebound.
15:13 of 1st period - Joe Veleno wins face-off versus Ty Dellandrea in Providence Bruins zone.
15:18 of 1st period - Slapshot by Joe Veleno.
15:18 of 1st period - Stopped by Justus Annunen without a rebound.
15:19 of 1st period - Joe Veleno wins face-off versus Ty Dellandrea in Kelowna Rockets zone.
15:54 of 1st period - Snap shot by Cole Schwindt.
15:54 of 1st period - Stopped by Justus Annunen without a rebound.
15:55 of 1st period - Ty Dellandrea wins face-off versus Joe Veleno in Kelowna Rockets zone.
16:04 of 1st period - John-Jason Peterka is hit by Ty Dellandrea and loses puck.
16:21 of 1st period - Matias Maccelli is hit by Michal Teply and loses puck.
16:49 of 1st period - Snap shot by Jack Drury.
16:49 of 1st period - Stopped by Zachary Emond without a rebound.
16:50 of 1st period - Joe Veleno wins face-off versus Ty Dellandrea in Providence Bruins zone.
16:57 of 1st period - Slapshot by Joe Veleno.
16:57 of 1st period - Stopped by Justus Annunen with a rebound.
16:59 of 1st period - Slapshot by Nikolai Knyzhov.
16:59 of 1st period - Stopped by Justus Annunen with a rebound.
17:01 of 1st period - Snap shot by Joe Veleno.
17:01 of 1st period - Shot Hit the Post.
17:03 of 1st period - Snap shot by Joe Veleno.
17:03 of 1st period - Deflect By John-Jason Peterka.
17:03 of 1st period - Shot Blocked by Cale Fleury.
17:03 of 1st period - Puck is out of play.
17:04 of 1st period - Joe Veleno wins face-off versus Ty Dellandrea in Kelowna Rockets zone.
17:05 of 1st period - Snap shot by John-Jason Peterka.
17:05 of 1st period - Deflect By Jack Studnicka.
17:05 of 1st period - Stopped by Justus Annunen with a rebound.
17:29 of 1st period - Jared McIsaac is hit by Matias Maccelli and loses puck.
18:18 of 1st period - Snap shot by Arnaud Durandeau.
18:18 of 1st period - Stopped by Zachary Emond without a rebound.
18:19 of 1st period - Ty Dellandrea wins face-off versus Logan Hutsko in Providence Bruins zone.
18:48 of 1st period - Slapshot by Cale Fleury.
18:48 of 1st period - Deflect By Matias Maccelli.
18:48 of 1st period - Stopped by Zachary Emond with a rebound.
18:58 of 1st period - Joe Veleno is hit by Matias Maccelli and loses puck.
19:17 of 1st period - Wrist shot by Joe Veleno.
19:17 of 1st period - Stopped by Justus Annunen with a rebound.
19:19 of 1st period - Wrist shot by Jack Studnicka.
19:19 of 1st period - Stopped by Justus Annunen with a rebound.
19:21 of 1st period - Slapshot by Nikolai Knyzhov.
19:21 of 1st period - Shot Blocked by Lucas Johansen.
19:36 of 1st period - Wrist shot by John-Jason Peterka.
19:36 of 1st period - Stopped by Justus Annunen with a rebound.
19:38 of 1st period - Slapshot by Nikolai Knyzhov.
19:38 of 1st period - Shot Blocked by Lucas Johansen.
19:52 of 1st period - Slapshot by Joe Veleno.
19:52 of 1st period - Stopped by Justus Annunen with a rebound.
19:54 of 1st period - Wrist shot by Nikolai Knyzhov.
19:54 of 1st period - Stopped by Justus Annunen with a rebound.
19:56 of 1st period - Wrist shot by Jack Studnicka.
19:56 of 1st period - Shot Blocked by Maxence Guenette.
19:58 of 1st period - Snap shot by Jordan Spence.
19:58 of 1st period - Deflect By John-Jason Peterka.
19:58 of 1st period - Shot Hit the Post.
19:58 of 1st period - Puck is out of play.
19:59 of 1st period - Logan Hutsko wins face-off versus Ty Dellandrea in Kelowna Rockets zone.
Goals for this period are 1 for Providence Bruins vs 0 for Kelowna Rockets.
Shots for this period are 15 for Providence Bruins vs 15 for Kelowna Rockets.
2nd period
0:01 of 2nd period - Ty Dellandrea wins face-off versus Joe Veleno in neutral zone.
0:36 of 2nd period - Minor Penalty to Michal Teply for Hooking.
0:37 of 2nd period - Ty Dellandrea wins face-off versus Joe Veleno in Providence Bruins zone.
2:36 of 2nd period - Penalty to Michal Teply is over, Michal Teply is back on ice.
2:41 of 2nd period - Matias Maccelli is hit by Austin Wagner and loses puck.
3:22 of 2nd period - Snap shot by Lauri Pajuniemi.
3:22 of 2nd period - Shot Misses the Net.
4:26 of 2nd period - Jack Studnicka is hit by Lauri Pajuniemi and loses puck.
4:39 of 2nd period - Joel Kiviranta is hit by Brandon Coe and loses puck.
6:10 of 2nd period - Snap shot by Cale Fleury.
6:10 of 2nd period - Shot Misses the Net.
7:36 of 2nd period - Snap shot by Lauri Pajuniemi.
7:36 of 2nd period - Shot Blocked by Joe Veleno.
7:38 of 2nd period - Snap shot by Lauri Pajuniemi.
7:38 of 2nd period - Goal by Lauri Pajuniemi - Providence Bruins : 1 - Kelowna Rockets : 1.
7:39 of 2nd period - Ty Dellandrea wins face-off versus Logan Hutsko in neutral zone.
7:46 of 2nd period - Slapshot by Jesse Ylonen.
7:46 of 2nd period - Goal by Jesse Ylonen - Providence Bruins : 1 - Kelowna Rockets : 2.
7:47 of 2nd period - Joe Veleno wins face-off versus Ty Dellandrea in neutral zone.
8:35 of 2nd period - Jacob Perreault is hit by Jordy Bellerive and loses puck.
8:41 of 2nd period - Icing by Maxence Guenette.
8:42 of 2nd period - Jack Drury wins face-off versus Joe Veleno in Kelowna Rockets zone.
8:42 of 2nd period - Jack Drury is hit by Samuel Bolduc.
8:48 of 2nd period - Wrist shot by Jacob Perreault.
8:48 of 2nd period - Shot Misses the Net.
8:50 of 2nd period - Minor Penalty to John-Jason Peterka for Interference.
8:51 of 2nd period - Joe Veleno wins face-off versus Jasper Weatherby in Providence Bruins zone.
9:16 of 2nd period - Ty Dellandrea is hit by Joe Veleno and loses puck.
10:50 of 2nd period - Penalty to John-Jason Peterka is over, John-Jason Peterka is back on ice.
11:01 of 2nd period - John-Jason Peterka is hit by Givani Smith and loses puck.
11:08 of 2nd period - Slapshot by Jacob Perreault.
11:08 of 2nd period - Shot Misses the Net.
11:54 of 2nd period - Joel Kiviranta is hit by Logan Hutsko and loses puck.
14:32 of 2nd period - Icing by Maxence Guenette.
14:33 of 2nd period - Jordy Bellerive wins face-off versus Oskar Steen in Kelowna Rockets zone.
14:42 of 2nd period - Wrist shot by Jasper Weatherby.
14:42 of 2nd period - Shot Blocked by Michal Teply.
15:13 of 2nd period - Icing by Jordan Spence.
15:14 of 2nd period - Ty Dellandrea wins face-off versus Logan Hutsko in Providence Bruins zone.
15:17 of 2nd period - Wrist shot by Jesse Ylonen.
15:17 of 2nd period - Shot Blocked by Logan Hutsko.
15:19 of 2nd period - Slapshot by Cale Fleury.
15:19 of 2nd period - Stopped by Zachary Emond with a rebound.
15:21 of 2nd period - Snap shot by Jasper Weatherby.
15:21 of 2nd period - Goal by Jasper Weatherby - Providence Bruins : 1 - Kelowna Rockets : 3.
15:22 of 2nd period - Ty Dellandrea wins face-off versus Joe Veleno in neutral zone.
15:31 of 2nd period - Slapshot by Jesse Ylonen.
15:31 of 2nd period - Shot Blocked by Nikolai Knyzhov.
15:49 of 2nd period - Michal Teply is hit by Matias Maccelli and loses puck.
16:10 of 2nd period - Snap shot by Michal Teply.
16:10 of 2nd period - Stopped by Justus Annunen with a rebound.
16:12 of 2nd period - Slapshot by Nikolai Knyzhov.
16:12 of 2nd period - Deflect By Austin Wagner.
16:12 of 2nd period - Shot Misses the Net.
16:12 of 2nd period - Puck is out of play.
16:13 of 2nd period - Jack Drury wins face-off versus Jordy Bellerive in Kelowna Rockets zone.
16:18 of 2nd period - Snap shot by Jack Drury.
16:18 of 2nd period - Shot Misses the Net.
16:45 of 2nd period - Wrist shot by Joe Veleno.
16:45 of 2nd period - Stopped by Justus Annunen with a rebound.
16:56 of 2nd period - Off-side.
16:57 of 2nd period - Ty Dellandrea wins face-off versus Logan Hutsko in neutral zone.
17:00 of 2nd period - Snap shot by Jasper Weatherby.
17:00 of 2nd period - Shot Misses the Net.
17:03 of 2nd period - Icing by Jared McIsaac.
17:04 of 2nd period - Ty Dellandrea wins face-off versus Logan Hutsko in Providence Bruins zone.
17:15 of 2nd period - Slapshot by Michal Teply.
17:15 of 2nd period - Shot Misses the Net.
17:17 of 2nd period - Slapshot by Samuel Bolduc.
17:17 of 2nd period - Shot Blocked by Max Lajoie.
17:19 of 2nd period - Wrist shot by Michal Teply.
17:19 of 2nd period - Shot Misses the Net.
17:21 of 2nd period - Snap shot by Michal Teply.
17:21 of 2nd period - Stopped by Justus Annunen with a rebound.
17:23 of 2nd period - Slapshot by Jared McIsaac.
17:23 of 2nd period - Deflect By Logan Hutsko.
17:23 of 2nd period - Goal by Logan Hutsko - Providence Bruins : 2 - Kelowna Rockets : 3.
17:24 of 2nd period - Jack Studnicka wins face-off versus Ty Dellandrea in neutral zone.
18:29 of 2nd period - Off-side.
18:30 of 2nd period - Joe Veleno wins face-off versus Ty Dellandrea in neutral zone.
19:02 of 2nd period - Wrist shot by Brandon Coe.
19:02 of 2nd period - Stopped by Justus Annunen with a rebound.
19:42 of 2nd period - Slapshot by Joe Veleno.
19:42 of 2nd period - Stopped by Justus Annunen with a rebound.
19:44 of 2nd period - Slapshot by Jared McIsaac.
19:44 of 2nd period - Shot Misses the Net.
19:49 of 2nd period - Minor Penalty to Ty Dellandrea for Goalie Interference.
19:50 of 2nd period - Jack Drury wins face-off versus Joe Veleno in Kelowna Rockets zone.
Goals for this period are 1 for Providence Bruins vs 3 for Kelowna Rockets.
Shots for this period are 6 for Providence Bruins vs 4 for Kelowna Rockets.
3rd period
0:01 of 3rd period - Joe Veleno wins face-off versus Jack Drury in neutral zone.
0:34 of 3rd period - Slapshot by Jordan Spence.
0:34 of 3rd period - Shot Misses the Net.
1:49 of 3rd period - Penalty to Ty Dellandrea is over, Ty Dellandrea is back on ice.
2:02 of 3rd period - Wrist shot by Brandon Coe.
2:02 of 3rd period - Goal by Brandon Coe - Providence Bruins : 3 - Kelowna Rockets : 3.
2:03 of 3rd period - Joel Kiviranta wins face-off versus Cole Schwindt in neutral zone.
2:06 of 3rd period - Wrist shot by Matias Maccelli.
2:06 of 3rd period - Shot Hit the Post.
2:08 of 3rd period - Wrist shot by Lucas Johansen.
2:08 of 3rd period - Stopped by Zachary Emond with a rebound.
2:10 of 3rd period - Wrist shot by Joel Kiviranta.
2:10 of 3rd period - Shot Misses the Net.
2:12 of 3rd period - Snap shot by Joel Kiviranta.
2:12 of 3rd period - Stopped by Zachary Emond with a rebound.
2:14 of 3rd period - Slapshot by Lucas Johansen.
2:14 of 3rd period - Stopped by Zachary Emond with a rebound.
2:16 of 3rd period - Snap shot by Matias Maccelli.
2:16 of 3rd period - Shot Misses the Net.
2:47 of 3rd period - Minor Penalty to Austin Wagner for Hooking.
2:48 of 3rd period - Jasper Weatherby wins face-off versus Joe Veleno in Providence Bruins zone.
3:06 of 3rd period - Ty Dellandrea is hit by Jacob Moverare and loses puck.
4:00 of 3rd period - Ty Dellandrea is hit by Cole Schwindt and loses puck.
4:27 of 3rd period - Matias Maccelli is hit by Nick Perbix and loses puck.
4:47 of 3rd period - Penalty to Austin Wagner is over, Austin Wagner is back on ice.
5:03 of 3rd period - Cole Schwindt is hit by Lauri Pajuniemi and loses puck.
5:18 of 3rd period - Jordy Bellerive is hit by Oskari Laaksonen.
8:11 of 3rd period - Austin Wagner is hit by Givani Smith.
8:24 of 3rd period - Icing by Oskari Laaksonen.
8:25 of 3rd period - John-Jason Peterka wins face-off versus Ty Dellandrea in Kelowna Rockets zone.
9:37 of 3rd period - Jack Studnicka is hit by Max Lajoie and loses puck.
9:51 of 3rd period - Icing by Ty Dellandrea.
9:52 of 3rd period - Ty Dellandrea wins face-off versus Jordy Bellerive in Kelowna Rockets zone.
9:59 of 3rd period - Snap shot by Givani Smith.
9:59 of 3rd period - Shot Blocked by Austin Wagner.
10:03 of 3rd period - Wrist shot by Jacob Perreault.
10:03 of 3rd period - Stopped by Zachary Emond without a rebound.
10:04 of 3rd period - Logan Hutsko wins face-off versus Oskar Steen in Providence Bruins zone.
10:53 of 3rd period - Jacob Perreault beats up Nick Perbix.
10:53 of 3rd period - Penalty to Jacob Perreault for Fighting.
10:53 of 3rd period - Penalty to Nick Perbix for Fighting.
10:54 of 3rd period - John-Jason Peterka wins face-off versus Ty Dellandrea in Providence Bruins zone.
10:54 of 3rd period - John-Jason Peterka is hit by Max Lajoie.
11:20 of 3rd period - Cole Schwindt is hit by Givani Smith and loses puck.
12:07 of 3rd period - Snap shot by John-Jason Peterka.
12:07 of 3rd period - Deflect By Jesse Ylonen.
12:07 of 3rd period - Shot Blocked by Jesse Ylonen.
12:07 of 3rd period - Puck is out of play.
12:08 of 3rd period - Joe Veleno wins face-off versus Ty Dellandrea in Kelowna Rockets zone.
12:09 of 3rd period - Snap shot by John-Jason Peterka.
12:09 of 3rd period - Shot Misses the Net.
12:33 of 3rd period - John-Jason Peterka is hit by Roby Jarventie and loses puck.
12:46 of 3rd period - Snap shot by Givani Smith.
12:46 of 3rd period - Shot Misses the Net.
13:02 of 3rd period - Snap shot by Oskar Steen.
13:02 of 3rd period - Shot Misses the Net.
13:04 of 3rd period - Slapshot by Maxence Guenette.
13:04 of 3rd period - Deflect By Oskar Steen.
13:04 of 3rd period - Shot Misses the Net.
13:04 of 3rd period - Puck is out of play.
13:05 of 3rd period - Logan Hutsko wins face-off versus Jesse Ylonen in Providence Bruins zone.
13:05 of 3rd period - Logan Hutsko is hit by Maxence Guenette.
13:19 of 3rd period - Wrist shot by Michal Teply.
13:19 of 3rd period - Stopped by Justus Annunen without a rebound.
13:20 of 3rd period - Oskar Steen wins face-off versus Jordy Bellerive in Kelowna Rockets zone.
13:56 of 3rd period - Wrist shot by Jasper Weatherby.
13:56 of 3rd period - Stopped by Zachary Emond with a rebound.
14:24 of 3rd period - Snap shot by Ty Dellandrea.
14:24 of 3rd period - Stopped by Zachary Emond with a rebound.
14:26 of 3rd period - Wrist shot by Arnaud Durandeau.
14:26 of 3rd period - Deflect By Lauri Pajuniemi.
14:26 of 3rd period - Shot Blocked by Jordy Bellerive.
14:26 of 3rd period - Puck is out of play.
14:27 of 3rd period - Joe Veleno wins face-off versus Oskar Steen in Providence Bruins zone.
14:34 of 3rd period - Wrist shot by Jack Studnicka.
14:34 of 3rd period - Stopped by Justus Annunen with a rebound.
14:36 of 3rd period - Wrist shot by Jack Studnicka.
14:36 of 3rd period - Deflect By Joe Veleno.
14:36 of 3rd period - Goal by Joe Veleno - Providence Bruins : 4 - Kelowna Rockets : 3.
14:37 of 3rd period - Ty Dellandrea wins face-off versus Joe Veleno in neutral zone.
15:02 of 3rd period - Cale Fleury is hit by Michal Teply and loses puck.
15:23 of 3rd period - Slapshot by Jordan Spence.
15:23 of 3rd period - Stopped by Justus Annunen without a rebound.
15:24 of 3rd period - Jordy Bellerive wins face-off versus Jack Drury in Kelowna Rockets zone.
15:26 of 3rd period - Givani Smith beats up Brandon Coe.
15:26 of 3rd period - Penalty to Givani Smith for Fighting.
15:26 of 3rd period - Penalty to Brandon Coe for Fighting.
15:27 of 3rd period - Jack Studnicka wins face-off versus Ty Dellandrea in Kelowna Rockets zone.
15:42 of 3rd period - Snap shot by Ty Dellandrea.
15:42 of 3rd period - Stopped by Zachary Emond with a rebound.
15:52 of 3rd period - Cale Fleury is hit by Cole Schwindt and loses puck.
16:01 of 3rd period - Snap shot by Matias Maccelli.
16:01 of 3rd period - Shot Blocked by Michal Teply.
16:13 of 3rd period - Wrist shot by Jack Drury.
16:13 of 3rd period - Goal by Jack Drury - Providence Bruins : 4 - Kelowna Rockets : 4.
16:14 of 3rd period - Ty Dellandrea wins face-off versus Joe Veleno in neutral zone.
16:19 of 3rd period - Snap shot by Ty Dellandrea.
16:19 of 3rd period - Shot Misses the Net.
16:21 of 3rd period - Slapshot by Cale Fleury.
16:21 of 3rd period - Stopped by Zachary Emond with a rebound.
16:23 of 3rd period - Snap shot by Jasper Weatherby.
16:23 of 3rd period - Shot Misses the Net.
16:25 of 3rd period - Slapshot by Cale Fleury.
16:25 of 3rd period - Shot Blocked by Jacob Moverare.
16:27 of 3rd period - Slapshot by Cale Fleury.
16:27 of 3rd period - Stopped by Zachary Emond with a rebound.
16:29 of 3rd period - Wrist shot by Jesse Ylonen.
16:29 of 3rd period - Shot Misses the Net.
16:41 of 3rd period - Max Lajoie is hit by Jordy Bellerive and loses puck.
16:54 of 3rd period - Slapshot by Max Lajoie.
16:54 of 3rd period - Deflect By Jack Drury.
16:54 of 3rd period - Shot Hit the Post.
16:54 of 3rd period - Puck is out of play.
16:55 of 3rd period - Jack Drury wins face-off versus Logan Hutsko in Providence Bruins zone.
17:18 of 3rd period - Snap shot by Nikolai Knyzhov.
17:18 of 3rd period - Deflect By Jesse Ylonen.
17:18 of 3rd period - Stopped by Justus Annunen with a rebound.
17:20 of 3rd period - Slapshot by Jacob Moverare.
17:20 of 3rd period - Deflect By Logan Hutsko.
17:20 of 3rd period - Stopped by Justus Annunen with a rebound.
17:22 of 3rd period - Slapshot by Nick Perbix.
17:22 of 3rd period - Shot Misses the Net.
17:30 of 3rd period - Snap shot by Cole Schwindt.
17:30 of 3rd period - Shot Blocked by Ty Dellandrea.
17:32 of 3rd period - Wrist shot by Cole Schwindt.
17:32 of 3rd period - Stopped by Justus Annunen with a rebound.
17:34 of 3rd period - Slapshot by Jacob Moverare.
17:34 of 3rd period - Shot Misses the Net.
17:36 of 3rd period - Snap shot by Michal Teply.
17:36 of 3rd period - Stopped by Justus Annunen with a rebound.
17:38 of 3rd period - Snap shot by Cole Schwindt.
17:38 of 3rd period - Stopped by Justus Annunen without a rebound.
17:39 of 3rd period - Oskar Steen wins face-off versus Joe Veleno in Kelowna Rockets zone.
19:07 of 3rd period - Lucas Johansen is hit by John-Jason Peterka and loses puck.
Goals for this period are 2 for Providence Bruins vs 1 for Kelowna Rockets.
Shots for this period are 10 for Providence Bruins vs 10 for Kelowna Rockets.
Overtime #1
0:01 of 1st overtime period - Ty Dellandrea wins face-off versus Joe Veleno in neutral zone.
0:15 of 1st overtime period - Wrist shot by Joe Veleno.
0:15 of 1st overtime period - Deflect By John-Jason Peterka.
0:15 of 1st overtime period - Goal by John-Jason Peterka - Providence Bruins : 5 - Kelowna Rockets : 4.
Goals for this period are 1 for Providence Bruins vs 0 for Kelowna Rockets.
Shots for this period are 1 for Providence Bruins vs 0 for Kelowna Rockets.
Back to the Top